 Dungeon Crawl Stone Soup version 0.29.1-15-g9cfb28693d (webtiles) character file.

Game seed: 16672084590576311368

163 HakonGodeson the Covered (level 5, -13/61 HPs)
             Began as a Human Fighter on Apr 30, 2023.
             Mangled by an orc wizard
             ... wielding a +0 dagger of electrocution
              (18 damage)
             ... on level 4 of the Dungeon.
             The game lasted 00:03:29 (1310 turns).

HakonGodeson the Covered (Human Fighter)            Turns: 1310, Time: 00:03:29

Health: -13/61     AC: 22    Str: 16    XL:     5   Next: 73%
Magic:  5/5        EV:  2    Int: 11    God:
Gold:   112        SH:  4    Dex: 12    Spells: 4/4 levels left

rFire   . . .      SeeInvis .   a - +0 war axe
rCold   . . .      Faith    .   c - +0 buckler
rNeg    . . .      Spirit   .   (body armour currently unavailable)
rPois   +          Reflect  .   (helmet currently unavailable)
rElec   .          Harm     .   (cloak currently unavailable)
rCorr   .          Rampage  .   (gloves currently unavailable)
Will    +....      NoTele   +   (boots currently unavailable)
Stlth   ++........              (no amulet)
HPRegen 0.20/turn               e - ring of willpower
MPRegen 0.09/turn               f - ring of wizardry

@: tree-form
A: stationary, stasis, torment immunity, boosted hp
a: no special abilities


You were on level 4 of the Dungeon.
You were a tree.
You visited 1 branch of the dungeon, and saw 4 of its levels.

You collected 112 gold pieces.

Inventory:

Hand Weapons
 a - a +0 war axe (weapon)
Armour
 b - a +0 scale mail
 c - a +0 buckler (worn)
 l - the +4 leather armour of the Freezing God (melded) {rElec rN+ Will- Dex+4}
   (You found it on level 4 of the Dungeon)

   Dex:       It affects your dexterity (+4).
   rElec:     It insulates you from electricity.
   rN:        It protects you from negative energy.
   Will:      It decreases your willpower.
Jewellery
 e - a ring of willpower (left branch)
 f - a ring of wizardry (right branch)
 k - a ring of flight
Wands
 h - a wand of iceblast (8)
Scrolls
 d - a scroll of butterflies
 o - a scroll of enchant armour {unknown}
 p - a scroll of fear {unknown}
Potions
 g - 2 potions of mutation {unknown}
 i - a potion of lignification
 j - a potion of haste {unknown}
 m - a potion of curing {unknown}
 n - a potion of cancellation {unknown}


   Skills:
 * Level 3.5 Fighting
 * Level 3.5 Axes
 * Level 3.5 Armour
 * Level 1.2 Dodging
 * Level 1.1 Stealth
 * Level 3.4 Shields
 * Level 0.4 Spellcasting
 * Level 0.5 Evocations


You had 4 spell levels left.
You didn't know any spells.
Your spell library was empty.

Dungeon Overview and Level Annotations

Branches:
Dungeon (4/15)
 Temple: D:4-7

Altars:

Annotations:
D:2 Robin


Message History

You hit the adder.
You kill the adder!
You hit the adder but do no damage.
You feel sick.
You are no longer poisoned.
The adder barely misses you.
You slash the kobold!
You kill the kobold!
You closely miss the adder. The adder closely misses you. The adder misses you.
Something hits you.
You barely miss something. You miss the adder.
The adder bites you but does no damage.
You hear some strange, mumbled words.
A magic dart appears from out of thin air!
The magic dart hits you. The adder closely misses you.
You hit something but do no damage. You miss the adder. The adder misses you.
Something hits you.
* * * LOW HITPOINT WARNING * * *
The adder bites you but does no damage.
You miss something. You hit the adder. Something completely misses you.
You block the adder's attack. Something hits you but does no damage.
The adder bites you but does no damage.
Unknown command.
It was a potion of lignification.
You turn into a tree.
The +4 leather armour of the Freezing God {rElec rN+ Will- Dex+4} melds into your body.
Your roots penetrate the ground.
Something hits you but does no damage. The adder bites you but does no damage.
You slash the adder!
You kill the adder!
You closely miss something. Something hits you but does no damage.
You cannot move.
You cannot move.
You cannot move.
You cannot move.
You cannot move.
You cannot move.
You closely miss something. Something hits you but does no damage.
You are electrocuted!
* * * LOW HITPOINT WARNING * * *
Something hits you but does no damage.
You are electrocuted!!
You die...

.#.....# #.#
.#.##..# #.#
.#.##..# #.#
...##..# #.#
#..##..#
#.############
#......#
#............#
.......#
######.#####.#
#.###.## #.##
#.# .# #†♣#
#.# # #.#{#
#.# .......
..# #.#.#.#.#
###
.........$.
#.#.#.#.# #.#
.......... ...
#### #.#.# #.


There were no monsters in sight!

Vanquished Creatures
  Terence (D:2)
  2 orc wizards (D:3)
  5 adders
  5 orcs
  3 bats
  2 endoplasms
  11 goblins
  3 hobgoblins (D:1)
  A kobold (D:4)
  A quokka (D:1)
  3 ball pythons
  3 frilled lizards
  3 rats
43 creatures vanquished.

Notes
Turn   | Place    | Note
-------+----------+-------------------------------------------
     0 | D:1      | HakonGodeson the Human Fighter began the quest for the Orb.
     0 | D:1      | Reached XP level 1. HP: 18/18 MP: 1/1
   201 | D:1      | Reached XP level 2. HP: 24/24 MP: 2/2
   303 | D:2      | Noticed Terence
   310 | D:2      | Killed Terence
   311 | D:2      | Reached XP level 3. HP: 29/29 MP: 3/3
   319 | D:2      | Noticed Robin
   337 | D:2      | Reached XP level 4. HP: 30/35 MP: 4/4
   786 | D:3      | Reached skill level 1 in Dodging
   792 | D:3      | Reached skill level 1 in Stealth
   792 | D:3      | Reached XP level 5. HP: 24/41 MP: 5/5
  1008 | D:4      | Identified the +4 leather armour of the Freezing God {rElec
                  | rN+ Will- Dex+4}
  1310 | D:4      | Mangled by an orc wizard

Illustrated notes

Levels and vault maps discovered:
D:1:      evilmike_arrival_hilbert_curve, layout_loops_ring,
          chequers_ecumenical_altar_simple
D:2:      layout_basic, basic_altar, uniq_terence, uniq_robin
D:3:      layout_basic, mainiacjoe_overflow_catwalk, serial_shops,
          nicolae_shop_crystal, chequers_hall_statues_y,
          kennysheep_generic_room_2
D:4:      layout_loops_ring, st_stairs_12, uniq_grinder

Skill      XL: |  1  2  3  4 |
---------------+-------------+-----
Dodging        | 1 |  1.2
Axes           | 3 |  3.5
Stealth        | 1 |  1.1
Fighting       | |  3.5
Armour         | |  3.5
Shields        | |  3.4
Spellcasting   | |  0.4
Evocations     | |  0.5

Action                   |  1- 3 |  4- 6 || total
-------------------------+-------+-------++-------
Melee: War axe           |    25 |    68 ||    93
Evoke: Wand              |       |     2 ||     2
  Use: Scroll            |     2 |       ||     2
       Potion            |     1 |     1 ||     2
Armor: Scale mail        |    28 |    13 ||    41
       Leather armour    |       |    23 ||    23
       Skin              |       |     5 ||     5
Dodge: Dodged            |    19 |    39 ||    58
Block: Buckler           |    11 |    19 ||    30
